 Dungeon Crawl Stone Soup version 0.30-a0-4-ga7cffc901d (webtiles) character file.

Game seed: 15804772131877953784

3880 siradein the Slicer (level 10, -8/79 HPs)
             Began as a Vampire Fighter on Aug 22, 2022.
             Was a Believer of Kikubaaqudgha.
             Killed by divine providence
             ... invoked by an orc priest
              (11 damage)
             ... on level 8 of the Dungeon.
             The game lasted 00:19:41 (8248 turns).

siradein the Slicer (Vampire Fighter)               Turns: 8248, Time: 00:19:43

Health: -8/79      AC: 17    Str: 15    XL:     10   Next: 0%
Magic:  2/10       EV:  8    Int: 15    God:    Kikubaaqudgha [**....]
Gold:   430        SH:  5    Dex: 14    Spells: 6/9 levels left

rFire   . . .      SeeInvis +    b - +2 dagger (venom)
rCold   . . .      Faith    .    c - +0 buckler
rNeg    . . .      Spirit   .    M - +0 scale mail
rPois   +          Reflect  .    C - +0 helmet
rElec   .          Harm     .    h - +0 cloak
rCorr   .          Rampage  .    z - +0 pair of gloves
Will    +....                    r - +0 pair of boots
Stlth   ..........               R - amulet of the acrobat
HPRegen 0.43/turn                E - +4 ring of protection
MPRegen 0.12/turn                T - ring of poison resistance

@: very slightly contaminated, healing quickly
A: alive, fangs 3, see invisible, vampiric 2
a: Exsanguinate, Renounce Religion, Unearth Wretches


You were on level 8 of the Dungeon.
You worshipped Kikubaaqudgha.
Kikubaaqudgha was pleased with you.
You visited 2 branches of the dungeon, and saw 10 of its levels.

You collected 430 gold pieces.

Inventory:

Hand Weapons
 a - a +0 rapier
 b - a +2 dagger of venom (weapon)
 U - a +0 short sword
Missiles
 g - 21 poisoned darts
 l - 6 boomerangs
 Q - a throwing net
 S - 6 curare-tipped darts
Armour
 c - a +0 buckler (worn)
 h - a +0 cloak (worn)
 r - a +0 pair of boots (worn)
 z - a +0 pair of gloves (worn)
 C - a +0 helmet (worn)
 M - a +0 scale mail (worn)
Jewellery
 f - a ring of positive energy
 D - a ring of wizardry
 E - a +4 ring of protection (left hand)
 G - an amulet of guardian spirit
 R - an amulet of the acrobat (around neck)
 T - a ring of poison resistance (right hand)
Wands
 k - a wand of digging (6)
 A - a wand of paralysis (1)
 I - a wand of roots (6)
 K - a wand of mindburst (11)
Scrolls
 i - 2 scrolls of acquirement {unknown}
 j - a scroll of immolation {unknown}
 m - a scroll of silence {unknown}
 n - a scroll of magic mapping {unknown}
 o - 5 scrolls of teleportation {unknown}
 q - a scroll of vulnerability {unknown}
 s - 2 scrolls of amnesia {unknown}
 u - a scroll of enchant weapon {unknown}
 w - a scroll of fear {unknown}
 y - 2 scrolls of poison {unknown}
 F - 2 scrolls of torment {unknown}
 H - a scroll of blinking {unknown}
 J - 3 scrolls of noise {unknown}
 P - a scroll of enchant armour {unknown}
Potions
 d - a potion of might
 e - a potion of ambrosia
 p - 3 potions of curing
 t - 2 potions of magic {unknown}
 v - 2 potions of lignification
 x - a potion of cancellation {unknown}
 B - 2 potions of mutation
 L - 2 potions of attraction {unknown}
 N - a potion of heal wounds {unknown}
 O - a potion of brilliance {unknown}


   Skills:
 + Level 7.2 Fighting
 + Level 8.2 Short Blades
 + Level 6.6 Armour
 - Level 4.0 Shields
 + Level 6.6 Necromancy


You had 6 spell levels left.
You knew the following spells:

 Your Spells              Type           Power      Damage    Failure   Level
a - Vampiric Draining     Necr           19%        2d7       24%         3

Your spell library contained the following spells:

 Spells                   Type           Power      Damage    Failure   Level
 Necrotise                Necr           76%        1d7       8%          1
 Sublimation of Blood     Necr           19%        N/A       12%         2
 Anguish                  Hex/Necr       4%         N/A       97%         4
 Conjure Flame            Conj/Fire      0%         6-21      98%         3
 Ozocubu's Armour         Ice            0%         N/A       98%         3
 Flame Wave               Conj/Fire      0%         2d4       100%        4
 Petrify                  Tmut/Erth      0%         N/A       100%        4
 Ozocubu's Refrigeration  Ice            0%         4d7       100%        7


Dungeon Overview and Level Annotations

Branches:
Dungeon (9/15)             Temple (1/1) D:4
   Lair: D:8-11         Orc: D:9-12

Altars:
Ashenzari
Cheibriados
Dithmenos
Gozag
Hepliaklqana
Kikubaaqudgha
Makhleb
Nemelex Xobeh
Qazlal
Ru
Trog
Uskayaw
Vehumet
Wu Jian
Xom
Yredelemnul

Shops:
D:7 (

Annotations:
D:3 1 runed translucent door, Crazy Yiuf


Innate Abilities, Weirdness & Mutations

Your natural rate of healing is accelerated.
You have razor-sharp teeth.
You have supernaturally acute eyesight. (SInv)
You are afflicted with vampirism and can become a bat while bloodless.


Message History

Confirm with . or Enter, or press ? or * to list all spells.
Aiming: Vampiric Draining (dangerous; 24% risk of failure)
Press: ? - help, Shift-Dir - straight line, f/p - sky beast
Aim: a sky beast (moderately wounded, slightly transparent)
You miscast Vampiric Draining.
Nothing appears to happen.
The sky beast hits you but does no damage.
Unknown command.
You closely miss the sky beast.
The sky beast is moderately wounded.
Your +2 dagger of venom begins to drip with poison!
b - a +2 dagger of venom (weapon)
You block the sky beast's attack.
You hit the sky beast.
The sky beast is poisoned.
You bite the sky beast, but do no damage.
The sky beast is heavily wounded.
You hit the sky beast.
The sky beast looks as sick as possible!
The sky beast is heavily wounded.
The sky beast hits you but does no damage.
You hit the sky beast but do no damage. Your bite misses the sky beast.
The sky beast is heavily wounded.
The sky beast hits you but does no damage.
You hit the sky beast.
The sky beast is severely wounded.
You hit the sky beast.
The sky beast looks as sick as possible!
The sky beast is severely wounded.
The orc priest calls down the wrath of Beogh upon you.
Beogh smites you!
* * * LOW HITPOINT WARNING * * *
You block the sky beast's attack.
Unknown command.
Unknown command.
You hit the sky beast.
You bite the sky beast, but do no damage.
The sky beast is almost dead.
The orc priest invokes the aid of Beogh against you.
Beogh smites you!
You die...
Kikubaaqudgha rasps: "You have failed me!
Welcome... death!"

##################
.....)..).[)†.oY@#
#.......########)#
#..............#.#
#....o.........#.###########
#..............#...........#
#..............#.#########.#
..).....####...........# #.#
..##'#### #####.#####.###.#
..##.# #.# #.....#


You could see a sky beast (invisible, extremely poisoned) and an orc priest.

Vanquished Creatures
  A two-headed ogre (D:8)
  Grinder (D:3)
  2 wyverns
  2 steam dragons (D:8)
  2 water moccasins (D:6)
  An orc warrior (D:8)
  2 ice beasts
  A sky beast (D:7)
  A black bear (D:4)
  An ogre (D:6)
  3 centaurs
  A phantom (D:5)
  2 kobold brigands
  2 bullfrogs
  2 scorpions (D:5)
  3 wights
  2 jellies (D:6)
  3 hounds
  3 orc priests
  7 iguanas
  Ijyb (D:3)
  Natasha (thrice) (D:4)
  5 orc wizards
  Robin (D:3)
  8 gnolls
  8 adders
  2 shadow imps
  3 white imps
  An ufetubus (D:6)
  A worm (D:3)
  3 dart slugs
  17 orcs
  6 endoplasms
  4 giant cockroaches
  9 hobgoblins
  3 jackals
  A quokka (D:5)
  3 training dummies (D:7)
  10 ball pythons
  3 bats
  6 frilled lizards
  11 goblins
  7 kobolds
  3 rats
161 creatures vanquished.

Vanquished Creatures (others)
  An orc (D:8)
  A plant (D:8)
  5 toadstools (D:1)
7 creatures vanquished.

Grand Total: 168 creatures vanquished

Notes
Turn   | Place    | Note
-------+----------+-------------------------------------------
     0 | D:1      | siradein the Vampire Fighter began the quest for the Orb.
     0 | D:1      | Reached XP level 1. HP: 17/17 MP: 1/1
   172 | D:1      | Reached XP level 2. HP: 23/23 MP: 2/2
   241 | D:1      | Got Sif Muna's Disquisition on Heated Shaping
   267 | D:1      | Found a faded altar of an unknown god.
  1234 | D:2      | Gained mutation: You are afflicted with vampirism and can
                  | become a bat while bloodless. [Vampire growth]
  1234 | D:2      | Reached XP level 3. HP: 29/29 MP: 3/3
  1722 | D:2      | Reached skill level 3 in Short Blades
  1933 | D:3      | Noticed Ijyb
  1940 | D:3      | Paralysed by Ijyb for 3 turns
  1954 | D:3      | Paralysed by Ijyb for 2 turns
  1959 | D:3      | Paralysed by Ijyb for 5 turns
  1979 | D:3      | Killed Ijyb
  1980 | D:3      | Reached XP level 4. HP: 34/35 MP: 4/4
  2040 | D:3      | Noticed Grinder
  2058 | D:3      | Paralysed by Grinder for 4 turns
  2077 | D:3      | Paralysed by Grinder for 5 turns
  2085 | D:3      | Killed Grinder
  2086 | D:3      | Reached skill level 4 in Short Blades
  2086 | D:3      | Reached XP level 5. HP: 20/42 MP: 5/5
  2086 | D:3      | Reached XP level 6. HP: 23/48 MP: 6/6
  2232 | D:3      | Noticed Robin
  2258 | D:3      | Killed Robin
  2831 | D:3      | Found a runed translucent door.
  2832 | D:3      | Noticed Crazy Yiuf
  2986 | D:4      | Found a burning altar of Makhleb.
  3046 | D:4      | Noticed Natasha
  3056 | D:4      | Killed Natasha
  3238 | D:4      | Noticed Natasha
  3250 | D:4      | Killed Natasha
  3325 | D:4      | Found a staircase to the Ecumenical Temple.
  3342 | Temple   | Entered the Ecumenical Temple
  3490 | Temple   | Became a worshipper of Kikubaaqudgha
  3781 | D:4      | Noticed Natasha
  3794 | D:4      | Killed Natasha
  3795 | D:4      | Reached XP level 7. HP: 33/55 MP: 7/7
  3873 | D:4      | Reached skill level 1 in Necromancy
  4038 | D:4      | Reached skill level 5 in Short Blades
  4259 | D:4      | Found an ornate altar of the Wu Jian Council.
  4361 | D:5      | Entered Level 5 of the Dungeon
  4637 | D:5      | Reached skill level 5 in Fighting
  4695 | D:5      | Reached XP level 8. HP: 43/62 MP: 8/8
  4871 | D:5      | Reached * piety under Kikubaaqudgha
  4871 | D:5      | Received a gift from Kikubaaqudgha
  4906 | D:5      | Learned a level 3 spell: Vampiric Draining
  5047 | D:5      | Reached skill level 6 in Short Blades
  5047 | D:5      | Reached skill level 5 in Armour
  5458 | D:6      | Found a sparkling altar of Nemelex Xobeh.
  5510 | D:6      | Found a hide-covered altar of Uskayaw.
  6302 | D:7      | Found a radiant altar of Vehumet.
  6549 | D:7      | Reached XP level 9. HP: 69/69 MP: 9/9
  6700 | D:7      | Found an opulent altar of Gozag.
  6814 | D:7      | Reached skill level 5 in Necromancy
  6826 | D:7      | Reached skill level 7 in Short Blades
  7060 | D:7      | Found Ciugeg's Firing Range.
  7070 | D:7      | Reached ** piety under Kikubaaqudgha
  7377 | D:8      | Found a snail-covered altar of Cheibriados.
  7742 | D:8      | Noticed a two-headed ogre
  7759 | D:8      | HP: 3/67 [two-headed ogre/+0 giant club (14)]
  7797 | D:8      | Killed a two-headed ogre
  7798 | D:8      | Reached skill level 8 in Short Blades
  8229 | D:8      | Reached XP level 10. HP: 13/79 MP: 10/10
  8247 | D:8      | HP: 3/79 [orc priest/divine providence (14)]
  8248 | D:8      | Killed from afar by an orc priest

Illustrated notes

Levels and vault maps discovered:
D:1:      ldierk_walled_garden, layout_basic,
          ebering_ecumenical_altar_sacrificial, roderic_lattice_a,
          chequers_serial_rivers_micro_b, st_stairs_6, minmay_surrounded
D:2:      layout_basic, grunt_ministairs_7
D:3:      layout_loops_ring, uniq_crazy_yiuf_cottage, uniq_robin, uniq_grinder,
          uniq_ijyb
D:4:      layout_loops_ring, marbit_many_paths, makhleb_heckhound_becter,
          temple_statues, uniq_natasha
D:5:      layout_rooms
D:6:      layout_loops_ring, nemelex_spade_bored_becter,
          mainiacjoe_overflow_big_doors
D:7:      layout_loops_corners, vehumet_crystals, overflow_temple_1_default,
          nicolae_shop_firing_range
D:8:      layout_basic, lemuel_round_altar, hangedman_abyss_or_decor_passed,
          wad_dig_loot
D:9:      minmay_the_grid_triangle_9x9_recursive_2_mashed
          [minmay_the_grid_triangle_9x9_prize_center,
          minmay_the_grid_triangle_9x9_flanged_cone,
          minmay_the_grid_triangle_9x9_windchime,
          minmay_the_grid_triangle_9x9_sprig], layout_cave_pods,
          kennysheep_orc_monster_closet_entryway, uniq_grum
Temple:   minmay_temple_curvy_loop

Skill      XL: |  1  2  3  4  5  6  7  8  9 |
---------------+----------------------------+-----
Shields        | 3 4 |  4.0
Fighting       | 3 4 5 6 7 |  7.2
Short Blades   | 3 4 5 6 8 |  8.2
Armour         | 3 4 5 6 |  6.6
Necromancy     | 2 4 6 |  6.6

Action                   |  1- 3 |  4- 6 |  7- 9 | 10-12 || total
-------------------------+-------+-------+-------+-------++-------
Melee: Rapier            |   156 |   178 |   280 |     4 ||   618
       Bite              |    13 |    22 |    73 |     3 ||   111
       Dagger            |       |       |   300 |     6 ||   306
       Short sword       |       |       |     2 |       ||     2
Throw: Boomerang         |       |     9 |       |       ||     9
 Cast: Vampiric Draining |       |       |     1 |     1 ||     2
  Use: Scroll            |       |       |     4 |       ||     4
       Potion            |       |       |     1 |       ||     1
Armor: Scale mail        |    64 |   105 |   274 |     7 ||   450
Dodge: Dodged            |    54 |    73 |   174 |     1 ||   302
Block: Buckler           |    17 |    47 |   117 |     2 ||   183

Table legend: (Time is in decaauts)
 A = Elapsed time spent in this place.
 B = Non-inter-level travel time spent in this place.
 C = Inter-level travel time spent in this place.
 D = Time resting spent in this place.
 E = Time spent auto-exploring this place.
 F = Levels seen in this place.
 G = Mean time per level.
                   A        B        C        D        E       F      G
               +--------+--------+--------+--------+--------+-----+--------+
         Total |   8161 |   7721 |    440 |    233 |   5819 |  10 |  816.1 |
       Dungeon |   7882 |   7522 |    360 |    233 |   5627 |   9 |  875.8 |
        Temple |    278 |    198 |     80 |      0 |    192 |   1 |  278.0 |
               +--------+--------+--------+--------+--------+-----+--------+

Top non-repeatable levels by time:
     D:4: 1169 daAuts
     D:7: 1133 daAuts
     D:3: 1102 daAuts
     D:6: 1064 daAuts
     D:1: 989 daAuts
     D:2: 919 daAuts
     D:8: 760 daAuts
     D:5: 742 daAuts
  Temple: 278 daAuts
     D:9: 1 daAuts
